[Event "Late-Titled-Tuesday-Blitz-March-19-2024"]
[Site "Chess.com"]
[Date "2024.03.19"]
[Round "1"]
[White "NowInChess"]
[Black "chess94cu"]
[Result "0-1"]
[WhiteElo "2280"]
[BlackElo "2633"]
[TimeControl "180+1"]
[EndTime "14:06:15 PDT"]
[Termination "chess94cu won by resignation"]

1. e4 d6 2. d3 Nf6 3. g3 c6 4.
Bg2 g6 5. f4 Bg7 6. Nf3 O-O 7.
O-O Nbd7 8. c3 e5 9. f5 d5 10.
Qe2 Re8 11. fxg6 hxg6 12. Bg5 dxe4 13. dxe4 Nc5 14. Nbd2 Qd3 15. Qxd3 Nxd3 16. Nxe5 Rxe5 17. Bxf6 Bxf6 18. Rxf6 Nxb2 19. Raf1 Re7 20. Nf3 Nc4 21. Ng5 Ne5 22. Nf3 Nxf3+ 23. R6xf3 Kg7 24. R3f2 Bg4 25. Rb2 Rd8 26. Rfb1 b6 27. a4 Rd1+ 28. Rxd1 Bxd1 29. a5 bxa5 30. Ra2 a4 31. e5 Bb3 32. Ra1 Rxe5 33.
Bxc6 Rc5 34. Bxa4 Ra5 35. Ra3 Bxa4 36. Kf2 a6 37. Ke3 Re5+ 38. Kd4 Rg5 39. Rxa4 Rg4+ 0-1

[Event "Late-Titled-Tuesday-Blitz-March-19-2024"]
[Site "Chess.com"]
[Date "2024.03.19"]
[Round "1"]
[White "ilushka"]
[Black "Mikhail_Bryakin"]
[Result "0-1"]
[WhiteElo "2396"]
[BlackElo "2706"]
[TimeControl "180+1"]
[EndTime "14:06:16 PDT"]
[Termination "Mikhail_Bryakin won by resignation"]

1. Nf3 Nf6 2. g3 b6 3. Bg2 Bb7 4. c4 c5 5. O-O g6 6. b3 Bg7 7. Bb2 O-O 8. d4 cxd4 9. Qxd4 d6 10. Nc3 Nbd7 11. Rfd1 Rc8 12. Ne1 Bxg2 13. Nxg2 Qc7 14. Ne3 Qb7 15. Ncd5 Rfe8 16. Qd2 b5 17. Nxf6+ Nxf6 18. Rac1 Ne4 19. Qc2 Ng5 20. f3 Qb6 21. Rd3 bxc4 22.
Rc3 d5 23. Kg2 Red8 24. bxc4 Bxc3 25. Nxd5 Qxb2 26. Nxe7+ Kf8 27. Nxc8 Qxc2 28. Rxc2 Bd4 29. Rd2 Ne6 30. Nxa7 Bxa7 0-1

[Event "Late-Titled-Tuesday-Blitz-March-19-2024"]
[Site "Chess.com"]
[Date "2024.03.19"]
[Round "1"]
[White "FontVella8"]
[Black "Charodej1"]
[Result "1-0"]
[WhiteElo "2684"]
[BlackElo "2369"]
[TimeControl "180+1"]
[EndTime "14:06:16 PDT"]
[Termination "FontVella8 won by resignation"]

1. e4 c6 2. d4 d5 3. e5 Bf5 4. Nf3 e6 5. Be2 c5 6. Be3 Nc6 7. O-O Bg4 8. dxc5 Bxf3 9. Bxf3 Nxe5 10. Be2 Nf6 11. b4 Be7 12. Nc3 O-O 13. h3 a5 14.
a3 b6 15. cxb6 axb4 16. axb4 Bxb4 17. Nb5 Rxa1 18. Qxa1 Nc4 19. Bxc4 dxc4 20. Rb1 Nd5 21. Qd4 Ba5 22. b7 Qb8 23. Qa7 Nxe3 24. Qxa5 Nd5 25.
Nd4 Qf4 26. Qa8 h5 27. Qxf8+ Kxf8 28. b8=Q+ 1-0

[Event "Late-Titled-Tuesday-Blitz-March-19-2024"]
[Site "Chess.com"]
[Date "2024.03.19"]
[Round "1"]
[White "GoltsevDmitry2000"]
[Black "Narek_Ghimoyan"]
[Result "1-0"]
[WhiteElo "2761"]
[BlackElo "2450"]
[TimeControl "180+1"]
[EndTime "14:06:17 PDT"]
[Termination "GoltsevDmitry2000 won by resignation"]

1. e4 c5 2. Nf3 d6 3. d4 cxd4 4. Nxd4 Nf6 5. Nc3 a6 6. Be2 e5 7. Nf5 d5 8. Bg5 d4 9. Bxf6 gxf6 10. Nb1 Nc6 11. c3 Bxf5 12. exf5 Qb6 13. Qb3 Bc5 14.
Qxb6 Bxb6 15. Nd2 dxc3 16. bxc3 Ba5 17. Ne4 Ke7 18. a4 Nd4 19. Bd3 Nxf5 20. O-O Nd6 21. Nxd6 Kxd6 22. c4 Bc3 23. Rab1 Rab8 24. Rb6+ Ke7 25.
Rfb1 Rhd8 26. Rxb7+ Rxb7 27. Rxb7+ Kf8 28. Bf1 Rd2 29. g3 Bd4 30. Bg2 Rxf2 31. Kh1 f5 32. Bd5 f4 33. Rxf7+ Ke8 34. gxf4 exf4 35. Rf5 Ke7 36.
h4 Be3 37. Be4 Kd6 38. c5+ Ke6 39. c6 Rf1+ 40. Kg2 Rg1+ 41. Kf3 Rf1+ 42. Kg4 Rg1+ 43.
Kh5 Rc1 44. Kh6 Rc4 45. Bd5+ Kxf5 46. Bxc4 f3+ 47. Kxh7 f2 48. c7 1-0

[Event "Late-Titled-Tuesday-Blitz-March-19-2024"]
[Site "Chess.com"]
[Date "2024.03.19"]
[Round "1"]
[White "babero_gordo"]
[Black "xasid81"]
[Result "0-1"]
[WhiteElo "2119"]
[BlackElo "2592"]
[TimeControl "180+1"]
[EndTime "14:06:18 PDT"]
[Termination "xasid81 won by resignation"]

1. e4 d5 2. exd5 Qxd5 3. Nc3 Qe5+ 4. Qe2 Qxe2+ 5. Bxe2 c6 6. Nf3 Bf5 7. d3 e6 8. O-O Nf6 9. Bf4 Nbd7 10. Rfe1 Be7 11. h3 O-O 12. Nh4 Bg6 13. Nxg6 hxg6 14.
d4 Bb4 15. Bf3 Rfe8 16. a3 Bxc3 17. bxc3 Nb6 18. a4 Nfd5 19. Bxd5 exd5 20. Rxe8+ Rxe8 21. a5 Nc4 22. a6 b5 23. Kf1 Kf8 24. Re1 Rc8 25.
Bg5 f6 26. Bc1 Kf7 27. f3 Rb8 28. Bf4 Rb6 29. Ra1 c5 30. dxc5 Rc6 31. Bd6 Nxd6 32.
cxd6 Ke6 33. Ke2 Rxc3 34. Kd2 Rc6 35. Ra5 Rb6 36. Kd3 Kxd6 37. Kd4 Kc6 38. Ra3 b4 39. Re3 Rxa6 40. Re6+ Kb5 41. Re3 Rc6 42. Re2 Rc5 43. Re7 Rxc2 44. Rxa7 Rd2+ 45. Ke3 Rxg2 46. Rxg7 Kc4 47.
Rc7+ Kb3 48. Kd4 Rd2+ 49. Ke3 Rg2 0-1

[Event "Late-Titled-Tuesday-Blitz-March-19-2024"]
[Site "Chess.com"]
[Date "2024.03.19"]
[Round "1"]
[White "chess_blitz00"]
[Black "DeTimmerman"]
[Result "0-1"]
[WhiteElo "2440"]
[BlackElo "2759"]
[TimeControl "180+1"]
[EndTime "14:06:19 PDT"]
[Termination "DeTimmerman won by checkmate"]

1. Nf3 Nf6 2. e3 e6 3. c4 d5 4. Nc3 Be7 5. Be2 dxc4 6. Bxc4 a6 7. d4 b5 8. Bd3 Bb7 9. Ne2 Nbd7 10.
Ng3 c5 11. O-O cxd4 12. Nxd4 O-O 13. b3 Nc5 14. Be2 Qb6 15. Bb2 Rfd8 16. Qc2 Rac8 17. Rac1 Na4 18. Qb1 Nxb2 19. Qxb2 Qa5 20. Bf3 Ba3 21.
Qb1 Rxc1 22. Rxc1 Bxf3 23. gxf3 Bxc1 24. Qxc1 Qb6 25. f4 g6 26. Kg2 Nd5 27. Nf3 Qb7 28. Qb2 Rc8 29. Qe5 Qc7 30. Qg5 Qc2 31. h4 Nxe3+ 32. Kh3 Qxf2 33. Qf6 Qg2# 0-1

[Event "Late-Titled-Tuesday-Blitz-March-19-2024"]
[Site "Chess.com"]
[Date "2024.03.19"]
[Round "1"]
[White "GM_shahin"]
[Black "jaskol95"]
[Result "1-0"]
[WhiteElo "2910"]
[BlackElo "2520"]
[TimeControl "180+1"]
[EndTime "14:06:21 PDT"]
[Termination "GM_shahin won by checkmate"]

1. e4 e6 2. d4 d5 3. Nd2 Nf6 4. e5 Nfd7 5. f4 c5 6. c3 Nc6 7.
Ndf3 a5 8. Bd3 a4 9. Ne2 a3 10.
b3 cxd4 11. cxd4 Bb4+ 12. Bd2 g6 13. O-O Qb6 14. Rc1 O-O 15. Qe1 Bxd2 16. Qxd2 Qa5 17. Qe3 Nb4 18. Bb1 b6 19. f5 exf5 20. Qh6 Re8 21.
Rc7 Ra7 22. e6 fxe6 23. Ng5 Nf8 24. Qg7# 1-0

[Event "Late-Titled-Tuesday-Blitz-March-19-2024"]
[Site "Chess.com"]
[Date "2024.03.19"]
[Round "1"]
[White "Mariia89"]
[Black "YurasovMat-2012"]
[Result "0-1"]
[WhiteElo "2256"]
[BlackElo "2616"]
[TimeControl "180+1"]
[EndTime "14:06:21 PDT"]
[Termination "YurasovMat-2012 won by checkmate"]

1. d4 d5 2. c4 c6 3. e3 Nf6 4.
Nc3 Bf5 5. Nf3 e6 6. Nh4 Be4 7. f3 Bg6 8. Nxg6 hxg6 9. Bd3 Bd6 10. f4 c5 11. cxd5 exd5 12. O-O Nc6 13. Bb5 a6 14. Bxc6+ bxc6 15. Bd2 O-O 16. Rc1 Re8 17. Rf3 Qd7 18. Rg3 cxd4 19. exd4 c5 20. Be3 cxd4 21. Qxd4 Qf5 22.
Rf1 Rac8 23. Rg5 Qe6 24. Rf3 Bc5 25. Qxc5 Rxc5 26. Bxc5 Qe1+ 27. Rf1 Qd2 28. Ba3 Qe3+ 29. Kh1 Qd3 30. Rg1 Ne4 31. Nxe4 dxe4 32. Rg3 e3 33. Bb4 Qd5 34. a3 e2 35. Bc3 Qd1 36. Re1 Rc8 37. Kg1 Rxc3 38. bxc3 Qxe1# 0-1

[Event "Late-Titled-Tuesday-Blitz-March-19-2024"]
[Site "Chess.com"]
[Date "2024.03.19"]
[Round "1"]
[White "SocoLoco"]
[Black "Crazy_girl99"]
[Result "0-1"]
[WhiteElo "2155"]
[BlackElo "2598"]
[TimeControl "180+1"]
[EndTime "14:06:21 PDT"]
[Termination "Crazy_girl99 won on time"]

1. e4 e5 2. d4 exd4 3. Nf3 Nc6 4. Nxd4 Nf6 5. Nc3 Bb4 6. Nxc6 bxc6 7. Bd3 O-O 8. O-O d5 9. exd5 cxd5 10. Bg5 c6 11. Na4 Rb8 12. c4 h6 13. Bh4 Be7 14. Rc1 Be6 15.
b3 Ng4 16. Bxe7 Qxe7 17. h3 Ne5 18. Re1 Qg5 19. Kh2 Qf4+ 20. Kg1 Rfe8 21. Bf1 Bxh3 22.
Rxe5 Rxe5 23. gxh3 Rg5+ 24. Bg2 Re8 25. cxd5 cxd5 26. Rc3 d4 27. Rd3 Rge5 28. Qg4 Re1+ 29. Bf1 Qc1 30. Qg2 Rxf1+ 31. Qxf1 Re1 32. Qxe1 Qxe1+ 33. Kg2 Qe4+ 34. Rf3 d3 35. Nc3 Qc6 36. Nd1 d2 37. Ne3 Qe4 38. Nd1 Qe1 39. Ne3 d1=Q 40. Nxd1 Qxd1 41. Re3 g5 42. a4 Kg7 43. Kg3 f5 44. Re7+ Kg6 45. Rxa7 f4+ 46. Kg2 Qd5+ 47. Kg1 Qxb3 48. Ra6+ Kh5 49. Ra8 Qb1+ 50. Kg2 Qe4+ 0-1

[Event "Late-Titled-Tuesday-Blitz-March-19-2024"]
[Site "Chess.com"]
[Date "2024.03.19"]
[Round "1"]
[White "alexrustemov"]
[Black "N18player"]
[Result "0-1"]
[WhiteElo "2868"]
[BlackElo "2532"]
[TimeControl "180+1"]
[EndTime "14:06:22 PDT"]
[Termination "N18player won by checkmate"]

1. d4 e6 2. c4 d6 3. Nf3 Nf6 4. Nc3 Be7 5. g3 O-O 6. Bg2 c5 7. O-O Nc6 8. b3 Bd7 9. Bb2 cxd4 10. Nxd4 a6 11. Rc1 Rc8 12. e3 Nxd4 13. exd4 Bc6 14.
d5 exd5 15. Nxd5 Nxd5 16. Bxd5 Bf6 17. Ba3 Be5 18. Qd2 Qf6 19. Rfd1 g5 20. Bxc6 Rxc6 21. Qd5 h6 22. Rd3 Re8 23. Rcd1 Re6 24. Kg2 g4 25. Bc1 h5 26. Be3 h4 27. Qe4 h3+ 28. Kf1 Qg7 29. Qf5 Rf6 30. Qd7 Qg6 31. Qxb7 Qe4 32. Ke2 d5 33. Rxd5 Rxf2+ 34. Kxf2 Qf3+ 35. Kg1 Qg2# 0-1

[Event "Late-Titled-Tuesday-Blitz-March-19-2024"]
[Site "Chess.com"]
[Date "2024.03.19"]
[Round "1"]
[White "Actuary44"]
[Black "VitaliyBernadskiy"]
[Result "0-1"]
[WhiteElo "2510"]
[BlackElo "2879"]
[TimeControl "180+1"]
[EndTime "14:06:22 PDT"]
[Termination "VitaliyBernadskiy won by resignation"]

1. e4 c5 2. d4 cxd4 3. c3 dxc3 4. Nxc3 Nc6 5. f4 e6 6. Nf3 Bc5 7. Bd3 Nge7 8. Qe2 O-O 9. Bd2 d5 10. e5 Nf5 11. Bxf5 exf5 12. O-O-O d4 13. Na4 Qd5 14.
Nxc5 Qxc5+ 15. Kb1 Be6 16. Rc1 Qd5 17. b3 a5 18. Qc4 Qe4+ 19. Qc2 a4 20. b4 d3 21.
Qc5 Qe2 22. b5 Na7 23. Qb4 Qxg2 24. Nd4 Qd5 25. Nxe6 Qxe6 26. b6 Nc6 27. Qc4 Rfd8 28. Rhg1 Ra6 29. Ka1 Qxc4 30. Rxc4 Nd4 31. Rg3 Nc2+ 32.
Kb2 Rxb6+ 33. Kc3 Na3 34. Rxa4 Nb1+ 0-1

[Event "Late-Titled-Tuesday-Blitz-March-19-2024"]
[Site "Chess.com"]
[Date "2024.03.19"]
[Round "1"]
[White "Onischuk_V"]
[Black "Defenstrator"]
[Result "1-0"]
[WhiteElo "2799"]
[BlackElo "2476"]
[TimeControl "180+1"]
[EndTime "14:06:22 PDT"]
[Termination "Onischuk_V won by resignation"]

1. e4 c5 2. Nf3 g6 3. c3 d5 4. e5 Bg7 5. d4 cxd4 6. cxd4 Bg4 7. Nc3 Nc6 8. Be3 e6 9. Qd2 Bxf3 10. gxf3 Nge7 11. Bd3 h6 12. Ne2 Rc8 13. h4 Qb6 14. h5 g5 15. f4 Nb4 16. Bb1 Nf5 17. Bxf5 exf5 18. O-O g4 19. Rfc1 O-O 20. Ng3 Rxc1+ 21. Rxc1 Nxa2 22. Ra1 Qb3 23. Nxf5 Kh8 24. Nd6 a5 25. f5 Ra8 26. f6 Bf8 27. Nxf7+ Kg8 28. e6 Nb4 29. Ne5 Qc2 30. e7 Bxe7 31.
fxe7 Qf5 32. Qxb4 1-0

[Event "Late-Titled-Tuesday-Blitz-March-19-2024"]
[Site "Chess.com"]
[Date "2024.03.19"]
[Round "1"]
[White "jocmil"]
[Black "Kopytkin"]
[Result "1-0"]
[WhiteElo "2752"]
[BlackElo "2433"]
[TimeControl "180+1"]
[EndTime "14:06:23 PDT"]
[Termination "jocmil won by resignation"]

1. d4 Nf6 2. Nc3 g6 3. e4 d5 4.
h4 h5 5. e5 Ne4 6. Nxe4 dxe4 7. Bc4 Bg4 8. Ne2 Nd7 9. e6 fxe6 10. f3 exf3 11. gxf3 Bf5 12. Nf4 Nb6 13. Bxe6 Qd6 14. Bxf5 gxf5 15. Qd3 e6 16. Bd2 O-O-O 17. O-O-O Bh6 18.
Ng6 Bxd2+ 19. Qxd2 Nc4 20. Qc3 Rhg8 21. Rhg1 Nb6 22.
Qc5 Nd5 23. c4 Nb6 24. Ne7+ Kb8 25. Qxd6 cxd6 26. Rxg8 Rxg8 27. Nxg8 Nxc4 28. Nf6 Kc7 29. Nxh5 1-0

[Event "Late-Titled-Tuesday-Blitz-March-19-2024"]
[Site "Chess.com"]
[Date "2024.03.19"]
[Round "1"]
[White "mbojan"]
[Black "Inepton_Fermion"]
[Result "1-0"]
[WhiteElo "2789"]
[BlackElo "2465"]
[TimeControl "180+1"]
[EndTime "14:06:24 PDT"]
[Termination "mbojan won by resignation"]

1. e4 g6 2. d4 Bg7 3. Nc3 d5 4.
exd5 Nf6 5. Bc4 Nbd7 6. Nf3 Nb6 7. Bb3 O-O 8. O-O a5 9. a4 Nfxd5 10. Nxd5 Nxd5 11. Re1 Bg4 12. h3 Bxf3 13. Qxf3 c6 14.
c3 Re8 15. Bg5 Qc7 16. Bxd5 cxd5 17. Qxd5 Qb6 18. Qb5 Qxb5 19. axb5 e5 20. dxe5 Bxe5 21. Kf1 a4 22. f4 f6 23. Bh6 Bd6 24. Rxe8+ Rxe8 25. Rxa4 Kf7 26. Rd4 Re6 27. f5 gxf5 28. Bf4 Bxf4 29.
Rxf4 Re5 30. c4 Ke6 31. Kf2 Rc5 32. b4 Rc7 33. c5 Ke5 34. Rh4 Rd7 35. b6 Rd2+ 36.
Kg1 Rb2 37. Rxh7 Rxb4 38. Rxb7 Kf4 39. Kh2 Ke5 40. Rc7 f4 41. b7 Rb2 42. c6 f3 43. Rc8 Rxg2+ 44. Kh1 1-0

[Event "Late-Titled-Tuesday-Blitz-March-19-2024"]
[Site "Chess.com"]
[Date "2024.03.19"]
[Round "1"]
[White "Sacbutt"]
[Black "manitodeplomo"]
[Result "0-1"]
[WhiteElo "2312"]
[BlackElo "2650"]
[TimeControl "180+1"]
[EndTime "14:06:25 PDT"]
[Termination "manitodeplomo won on time"]

1. e4 c5 2. Nf3 e6 3. d4 cxd4 4. c3 dxc3 5. Nxc3 Nc6 6. Bc4 a6 7. O-O b5 8. Bb3 Na5 9. Bc2 Bb7 10. Qe2 Rc8 11. Bf4 Ne7 12. Rad1 Ng6 13. Bg3 Be7 14. e5 O-O 15. Ne4 Nc4 16. b3 Nb6 17. Bb1 Nd5 18. Rc1 Qb6 19. h4 Rxc1 20. Rxc1 Rc8 21. Rxc8+ Bxc8 22. h5 Nf8 23. h6 g6 24. Qd2 Bb7 25. Bd3 Qc6 26. Kh2 b4 27. Nd4 Qb6 28. Bc4 a5 29. f3 Qd8 30. Qd3 Bh4 31. Nc5 Bxg3+ 32. Kxg3 Qg5+ 33.
Kf2 Ba8 34. Bxd5 Bxd5 0-1

[Event "Late-Titled-Tuesday-Blitz-March-19-2024"]
[Site "Chess.com"]
[Date "2024.03.19"]
[Round "1"]
[White "Sandstad"]
[Black "aa175"]
[Result "1-0"]
[WhiteElo "2468"]
[BlackElo "2729"]
[TimeControl "180+1"]
[EndTime "14:06:26 PDT"]
[Termination "Sandstad won on time"]

1. d4 Nf6 2. c4 g6 3. Nc3 d5 4. Bf4 Bg7 5. e3 O-O 6. Rc1 c5 7. dxc5 Ne4 8. cxd5 Nxc3 9. bxc3 Qa5 10. Qb3 Nd7 11. Qb4 Qxa2 12. Bc4 a5 13. Qb5 Qa3 14. Ne2 Nxc5 15. O-O Bd7 16. Qb6 Qa4 17. Qxc5 Rac8 18. Qxe7 Rfe8 19. Qd6 Qxc4 20. Qxd7 Qxe2 21. Qxb7 Rxc3 22.
Rxc3 Bxc3 23. Qc6 Rd8 24. Qxc3 Rxd5 25. Be5 Qg4 26. h3 Qd7 27. Bd4 a4 28. Ra1 Rb5 29. Rxa4 Rb1+ 30. Kh2 Rb8 31. Ra1 Qb5 32. Kg1 Qf5 33.
Qc5 Qd3 34. Qe5 Rb1+ 35. Rxb1 Qxb1+ 36. Kh2 1-0

[Event "Late-Titled-Tuesday-Blitz-March-19-2024"]
[Site "Chess.com"]
[Date "2024.03.19"]
[Round "1"]
[White "igorkovalenko"]
[Black "liwadas82"]
[Result "1-0"]
[WhiteElo "2931"]
[BlackElo "2525"]
[TimeControl "180+1"]
[EndTime "14:06:27 PDT"]
[Termination "igorkovalenko won by resignation"]

1. c4 e5 2. Nc3 Nf6 3. f3 d5 4. cxd5 Nxd5 5. e4 Ne7 6. Bc4 Nbc6 7. d3 g6 8. Nge2 Bg7 9. h4 h5 10. Bg5 a6 11. a3 Qd6 12. Rc1 b5 13. Ba2 Bb7 14.
Nd5 Nxd5 15. Bxd5 Na5 16. Bxb7 Nxb7 17. Qc2 c5 18. Nc3 O-O 19. Nd5 f6 20. Be3 Rac8 21. O-O c4 22. Rcd1 cxd3 23. Qxd3 Nc5 24. Qe2 Qe6 25.
Qf2 Nb3 26. Rd3 Na5 27. Bc5 Rf7 28. Rfd1 Kh7 29. Nb6 Rc6 30. Nd5 Bf8 31. Bxf8 Rxf8 32. Nb4 Rc7 33. Rd6 Qf7 34. Rxa6 Nb3 35. Nd5 Qg7 36.
Nxc7 Qxc7 37. Ra7 1-0

[Event "Late-Titled-Tuesday-Blitz-March-19-2024"]
[Site "Chess.com"]
[Date "2024.03.19"]
[Round "1"]
[White "biostatistician"]
[Black "shirovin"]
[Result "1-0"]
[WhiteElo "2583"]
[BlackElo "2038"]
[TimeControl "180+1"]
[EndTime "14:06:31 PDT"]
[Termination "biostatistician won on time"]

1. d4 Nf6 2. Nf3 g6 3. c4 Bg7 4. Nc3 d5 5. cxd5 Nxd5 6. e4 Nxc3 7. bxc3 c5 8. Be3 Qa5 9. Qd2 O-O 10. Rc1 Nd7 11.
Bd3 b6 12. d5 Ba6 13. c4 Qxd2+ 14. Kxd2 Rad8 15. a4 Ne5 16. Nxe5 Bxe5 17. f4 Bc7 18. e5 f6 19. e6 f5 20. h4 h5 21. Rb1 Rb8 22. Rb3 Bd6 23. Rhb1 Bc7 24. g3 Rfd8 25. Kc2 Kf8 26. Bd2 Ke8 27. Bc3 Kf8 28. Be5 Bxe5 29. fxe5 Rb7 30. Kc3 Rdb8 31. R3b2 Ke8 32. Rd2 Kd8 33.
d6 Rc8 34. Be2 Rbb8 35. Rbd1 Rc6 36. Bf3 Rcc8 37. dxe7+ Kxe7 38. Rd7+ Kf8 39. Rxa7 Rd8 40. e7+ 1-0

[Event "Late-Titled-Tuesday-Blitz-March-19-2024"]
[Site "Chess.com"]
[Date "2024.03.19"]
[Round "1"]
[White "MaiqMaster"]
[Black "TregubovP"]
[Result "0-1"]
[WhiteElo "2349"]
[BlackElo "2662"]
[TimeControl "180+1"]
[EndTime "14:06:32 PDT"]
[Termination "TregubovP won by resignation"]

1. d4 Nf6 2. c4 c5 3. d5 b5 4. cxb5 a6 5. bxa6 g6 6. Nc3 Bxa6 7. e4 Bxf1 8. Kxf1 Bg7 9. e5 Ng8 10. Nf3 d6 11. e6 fxe6 12. Ng5 Bxc3 13. bxc3 e5 14.
Ne6 Qc8 15. Bg5 Nd7 16. Ng7+ Kf7 17. Ne6 Ngf6 18. h4 Qa6+ 19. Kg1 Qc4 20. Bxf6 Nxf6 21. Ng5+ Kg7 22. Ne6+ Kf7 23. Ng5+ Kg8 24. Rh3 h6 25. Nf3 Qxd5 26. Qc2 Qe4 27. Qb3+ c4 28. Qb6 Kg7 29. Re1 Qf5 30. Rg3 Nh5 31. Nxe5 Nxg3 32. Nxc4 Ne4 33. Qd4+ e5 34. Qxe4 Qxe4 35. Rxe4 d5 0-1

[Event "Late-Titled-Tuesday-Blitz-March-19-2024"]
[Site "Chess.com"]
[Date "2024.03.19"]
[Round "1"]
[White "wild3000"]
[Black "rychessmaster1"]
[Result "0-1"]
[WhiteElo "2437"]
[BlackElo "2758"]
[TimeControl "180+1"]
[EndTime "14:06:35 PDT"]
[Termination "rychessmaster1 won by checkmate"]

1. e4 e5 2. Nc3 Nf6 3. g3 d5 4. exd5 Nxd5 5. Bg2 Nxc3 6. bxc3 Nc6 7. Nf3 Bc5 8. O-O O-O 9. d3 Bg4 10. Qe1 Re8 11. Nd2 Qd7 12. Ne4 Bb6 13. Be3 Bh3 14. Nc5 Bxc5 15. Bxc5 Bxg2 16. Kxg2 Qd5+ 17. Qe4 Qxc5 18.
Rab1 Rab8 19. c4 Qd4 20. Qf3 e4 21. Qd1 exd3 22. cxd3 b6 23. Rb5 Rbd8 24. Re1 Rxe1 25. Qxe1 g6 26. Rb3 Ne5 27. Qe4 Qxe4+ 28. dxe4 Nxc4 29.
Rc3 b5 30. Kf3 Rd2 31. a4 c6 32. h4 h5 33. axb5 cxb5 34. Rc1 Rd4 35. Ra1 a5 36.
Kf4 a4 37. f3 a3 38. g4 hxg4 39. fxg4 Rd2 40. h5 a2 41. Kg5 Na5 42. Rc1 gxh5 43. Kh6 Rd6+ 44. Kxh5 Nb3 45. Rc8+ Kg7 46. e5 Rh6+ 47.
Kg5 a1=Q 48. Re8 Qc1+ 49. Kf5 Qe3 50. e6 Nd4# 0-1

[Event "Late-Titled-Tuesday-Blitz-March-19-2024"]
[Site "Chess.com"]
[Date "2024.03.19"]
[Round "1"]
[White "stolencandy13"]
[Black "iturrizaga"]
[Result "1/2-1/2"]
[WhiteElo "2552"]
[BlackElo "3008"]
[TimeControl "180+1"]
[EndTime "14:06:38 PDT"]
[Termination "Game drawn by repetition"]

1. d4 Nf6 2. Bf4 c5 3. e3 Nd5 4. Bg3 Qb6 5. Nc3 Nxc3 6. bxc3 d6 7. Bc4 Nc6 8. Rb1 Qa5 9. Ne2 e6 10. d5 exd5 11. Qxd5 Qc7 12. Qxc5 dxc5 13. Bxc7 b6 14. O-O Be7 15. Rbd1 O-O 16. Bd6 Bxd6 17. Rxd6 Na5 18. Bd5 Rb8 19. Rd1 g6 20. h4 Kg7 21. h5 Re8 22.
hxg6 hxg6 23. Nf4 Bf5 24. Rd2 Rbd8 25. Bb3 Rxd6 26. Rxd6 Re5 27. Bd5 Kf8 28. Rd8+ Kg7 29. Ra8 g5 30. Nh5+ Kg6 31. Bf3 Be4 32. Rg8+ Kh6 33.
Bxe4 Rxe4 34. Nf6 Ra4 35. f3 Rxa2 36. Ng4+ Kh7 37. Nf6+ Kh6 38. Ng4+ Kh5 39. Nf6+ Kh6 1/2-1/2

[Event "Late-Titled-Tuesday-Blitz-March-19-2024"]
[Site "Chess.com"]
[Date "2024.03.19"]
[Round "1"]
[White "Zohid6"]
[Black "Quattroporte300"]
[Result "1-0"]
[WhiteElo "2873"]
[BlackElo "2510"]
[TimeControl "180+1"]
[EndTime "14:06:38 PDT"]
[Termination "Zohid6 won on time"]

1. e4 c5 2. Nf3 d6 3. Bb5+ Bd7 4. Bxd7+ Qxd7 5. c4 Nc6 6. Nc3 Nf6 7. O-O g6 8. d3 Bg7 9. h3 O-O 10. Be3 e5 11. a3 Nd4 12. b4 b6 13. Rb1 h6 14. Nd2 Nh5 15. bxc5 dxc5 16. Nd5 Kh7 17. a4 Rab8 18. Bxd4 exd4 19. f4 Nf6 20. Nxf6+ Bxf6 21. e5 Bg7 22. Ne4 f5 23. exf6 Bxf6 24. Qf3 Bg7 25. a5 Qc7 26. axb6 Rxb6 27. Ra1 Rb3 28. Ra6 Rb6 29. Ra3 Rb7 30. Qg4 Rf5 31. h4 a5 32.
Ng3 h5 33. Qf3 Rf8 34. f5 Kg8 35. Qd5+ Qf7 36. Qc6 gxf5 37. Nxf5 Kh8 38. Raa1 Qc7 39. Qg6 Rb6 40. Qxh5+ Kg8 41. Qg4 Rbf6 42. h5 Qd7 43. Nh6+ 1-0

[Event "Late-Titled-Tuesday-Blitz-March-19-2024"]
[Site "Chess.com"]
[Date "2024.03.19"]
[Round "1"]
[White "Bryanl106"]
[Black "1g60-1"]
[Result "1-0"]
[WhiteElo "2687"]
[BlackElo "2371"]
[TimeControl "180+1"]
[EndTime "14:06:38 PDT"]
[Termination "Bryanl106 won by resignation"]

1. e4 e6 2. d4 d5 3. Nd2 Nf6 4.
e5 Nfd7 5. f4 c5 6. c3 Nc6 7.
Ndf3 a5 8. a3 a4 9. Bd3 cxd4 10.
cxd4 Nb6 11. Ne2 Na5 12. O-O Bd7 13. f5 exf5 14. Nc3 Nb3 15. Bg5 Be7 16. Bxe7 Qxe7 17. Rb1 O-O 18. Bc2 Be6 19. Bxb3 axb3 20. Qxb3 Nc4 21.
Rfe1 f4 22. Rbd1 g5 23. Rd3 g4 24. Nd2 Qg5 25. Qc2 Rac8 26. Nxc4 Rxc4 27. Qf2 Kh8 28. Rf1 f3 29. Kh1 Rg8 30. gxf3 gxf3 31. Rxf3 Rxd4 32.
Ne2 Rg4 33. Ng3 d4 34. Rf4 Bd5+ 35. Kg1 Qxe5 36. Rxg4 Rxg4 37. Re1 Qg7 38. Re8+ 1-0

[Event "Late-Titled-Tuesday-Blitz-March-19-2024"]
[Site "Chess.com"]
[Date "2024.03.19"]
[Round "1"]
[White "only_strong_moves"]
[Black "ashookk"]
[Result "1-0"]
[WhiteElo "2655"]
[BlackElo "2324"]
[TimeControl "180+1"]
[EndTime "14:06:40 PDT"]
[Termination "only_strong_moves won by resignation"]

1. Nc3 d5 2. e4 dxe4 3. Nxe4 Bd7 4. Bc4 Bc6 5. Qe2 Bxe4 6. Qxe4 c6 7. Nf3 Nf6 8. Qe2 e6 9. d4 Bd6 10. Bg5 O-O 11.
O-O Nbd7 12. Rad1 Qc7 13. Rfe1 c5 14. h3 a6 15. Ne5 Rae8 16. Nxd7 Nxd7 17. dxc5 Nxc5 18.
Qg4 Kh8 19. Be3 b5 20. Bf1 f5 21. Qf3 Ne4 22. Bd3 Nc5 23. Bf1 Ne4 24. c3 Be5 25. Bd3 Nc5 26. Bb1 Bf6 27. Bd4 g6 28. Qe3 Bxd4 29. cxd4 Nd7 30. Rc1 Qd6 31. a3 Kg7 32.
Ba2 e5 33. dxe5 Rxe5 34. Qc3 Re8 35. Red1 Qb6 36. Rxd7+ 1-0

[Event "Late-Titled-Tuesday-Blitz-March-19-2024"]
[Site "Chess.com"]
[Date "2024.03.19"]
[Round "1"]
[White "Horokoskii"]
[Black "rhungaski"]
[Result "0-1"]
[WhiteElo "2174"]
[BlackElo "2600"]
[TimeControl "180+1"]
[EndTime "14:06:40 PDT"]
[Termination "rhungaski won on time"]

1. d4 Nf6 2. c4 e5 3. dxe5 Ng4 4. Bf4 Nc6 5. Nf3 Bb4+ 6. Nbd2 Qe7 7. e3 Ncxe5 8. Nxe5 Nxe5 9. a3 Bxd2+ 10. Qxd2 d6 11. Be2 O-O 12. O-O b6 13. b4 Bb7 14. Rfd1 Rad8 15. Bf1 g5 16. Bg3 f5 17. Rac1 Ng6 18. f4 g4 19. Re1 Be4 20. Bd3 c5 21.
Bxe4 Qxe4 22. Rcd1 Qxc4 23. e4 fxe4 24. Qf2 Qe6 25. bxc5 bxc5 26. f5 Rxf5 27. Qe2 d5 28. Rf1 Rdf8 29. Rxf5 Rxf5 30. Qd2 d4 31. Qc2 Kg7 32. Qb2 h5 0-1

[Event "Late-Titled-Tuesday-Blitz-March-19-2024"]
[Site "Chess.com"]
[Date "2024.03.19"]
[Round "1"]
[White "andrzej"]
[Black "Vaathi_Coming"]
[Result "0-1"]
[WhiteElo "2513"]
[BlackElo "2883"]
[TimeControl "180+1"]
[EndTime "14:06:41 PDT"]
[Termination "Vaathi_Coming won by resignation"]

1. e4 c5 2. Nf3 e6 3. d4 cxd4 4.
Nxd4 a6 5. c4 Nf6 6. Nc3 Qc7 7.
a3 b6 8. g3 Bb7 9. Bg2 d6 10.
O-O Be7 11. Be3 O-O 12. Rc1 Nbd7 13. b4 Rac8 14. f4 Rfe8 15. g4 e5 16. Nd5 Qb8 17.
Nxe7+ Rxe7 18. Nf5 Re6 19. g5 Nxe4 20. Qd3 Qa8 21. Rce1 Nec5 22. bxc5 Bxg2 23. Nxd6 Bxf1 24. Rxf1 Nxc5 25. Bxc5 Rxc5 26. f5 e4 27. fxe6 exd3 28. exf7+ Kf8 29. Re1 Rxg5+ 30. Kf2 Qg2+ 31. Ke3 Re5+ 32.
Kxd3 Rxe1 0-1

[Event "Late-Titled-Tuesday-Blitz-March-19-2024"]
[Site "Chess.com"]
[Date "2024.03.19"]
[Round "1"]
[White "CarlosjPineror"]
[Black "ArchibaldCerveza29"]
[Result "1-0"]
[WhiteElo "2682"]
[BlackElo "2366"]
[TimeControl "180+1"]
[EndTime "14:06:41 PDT"]
[Termination "CarlosjPineror won by resignation"]

1. e4 e5 2. Nf3 Nf6 3. Nxe5 d6 4. Nf3 Nxe4 5. d4 d5 6. Bd3 Bd6 7. c4 c6 8. O-O O-O 9. Nc3 Nxc3 10. bxc3 dxc4 11.
Bxc4 Bg4 12. Be2 Nd7 13. h3 Bh5 14. Be3 Qc7 15. Qb3 b5 16. a4 a6 17. axb5 axb5 18.
Rfe1 Nb6 19. Rxa8 Rxa8 20. g4 Bg6 21. Nd2 Nd5 22. Nf1 Re8 23. c4 Nxe3 24. fxe3 Be4 25. cxb5 Bh2+ 26. Kf2 Re6 27. Bc4 Rf6+ 28. Ke2 cxb5 29. Qxb5 Bc6 30. Qb3 Bg3 31. Nxg3 Qxg3 32. Kd2 Rf2+ 33. Re2 Rf1 34. Qb6 Qd6 35. Bd5 h6 36.
Qxc6 Qa3 37. Qa8+ 1-0